 Dungeon Crawl Stone Soup version 0.23.2-33-g5129a83184 (webtiles) character file.

Game seed: 9942937112818399384

2811 Gildeon the Thaumaturge (level 9, -2/48 HPs)
             Began as a Deep Elf Conjurer on June 28, 2019.
             Was a Believer of Vehumet.
             Slain by an orc wizard
             ... wielding a +0 dagger
              (3 damage)
             ... on level 7 of the Dungeon on June 29, 2019.
             The game lasted 00:47:13 (8343 turns).

Gildeon the Thaumaturge (Deep Elf Conjurer)         Turns: 8343, Time: 00:47:16

Health: -2/48      AC:  5    Str:  5    XL:     9   Next: 44%
Magic:  13/23      EV: 14    Int: 24    God:    Vehumet [**....]
Gold:   417        SH:  0    Dex: 15    Spells: 0/24 levels left

rFire    + . .     SeeInvis .   l - +0 dagger
rCold    . . .     Gourm    .   (no shield)
rNeg     . . .     Faith    .   f - +2 robe {rF+}
rPois    .         Spirit   .   (no helmet)
rElec    .         Reflect  .   u - +0 cloak
rCorr    .         Harm     .   (no gloves)
MR       .....                  (no boots)
Stlth    +++.......             (no amulet)
HPRegen  0.16/turn              (no ring)
MPRegen  0.18/turn              (no ring)

@: studying Air Magic
A: no striking features
a: Renounce Religion


You were on level 7 of the Dungeon.
You worshipped Vehumet.
Vehumet was pleased with you.
You were not hungry.

You visited 2 branches of the dungeon, and saw 8 of its levels.

You collected 417 gold pieces.

Inventory:

Hand Weapons
 l - a +0 dagger (weapon)
 t - a +4 quarterstaff of chaos
 x - a +2 whip of flaming
Missiles
 w - 81 poisoned needles
 C - 83 stones (quivered)
Armour
 f - a +2 robe of fire resistance (worn)
 u - a +0 cloak (worn)
 y - a +2 robe of magic resistance
 A - a scarf of resistance
Wands
 p - a wand of acid (7)
 G - a wand of disintegration (16)
Scrolls
 a - a scroll of amnesia {unknown}
 d - 2 scrolls of enchant armour
 h - 2 scrolls of remove curse
 i - 2 scrolls of teleportation
 j - a scroll of fear {unknown}
 k - a scroll of immolation {unknown}
 n - a scroll of noise {unknown}
 q - a scroll of brand weapon {unknown}
 r - a scroll of random uselessness {unknown}
 D - a scroll of magic mapping {unknown}
Potions
 b - a potion of cancellation
 e - 3 potions of heal wounds
 g - 3 potions of brilliance
 m - a potion of resistance {unknown}
 o - 3 potions of mutation
 s - a potion of experience {unknown}
 v - a potion of curing {unknown}
 z - a potion of flight {unknown}
 E - a potion of invisibility {unknown}
 F - 2 potions of magic {unknown}
Books
 B - a manual of Air Magic
Comestibles
 c - 13 rations
 H - 4 chunks of flesh


   Skills:
 - Level 2.1 Fighting
 - Level 3.0 Staves
 - Level 2.4 Armour
 - Level 4.0 Dodging
 - Level 5.0 Stealth
 - Level 8.3 Spellcasting
 + Level 7.5 Conjurations
 + Level 5.5 Hexes
 - Level 3.0 Translocations
 - Level 4.0 Earth Magic
 + Level 3.2 Evocations


You couldn't memorise any spells.
You knew the following spells:

 Your Spells              Type           Power        Failure   Level  Hunger
a - Magic Dart            Conj           ####         1%          1    None
b - Searing Ray           Conj           #####.       1%          2    None
c - Dazzling Spray        Conj/Hex       #####.       1%          3    None
d - Iskenderun's Mystic   Conj           #####...     2%          4    ##.....
e - Fulminant Prism       Conj/Hex       #####.....   4%          4    ##.....
f - Force Lance           Conj/Tloc      #####...     7%          4    ##.....
g - Sandblast             Erth           ####..       1%          1    None
h - Sting                 Conj/Pois      ####         1%          1    None
i - Slow                  Hex            #####...     1%          2    None
j - Blink                 Tloc           N/A          2%          2    None

Your spell library contained the following spells:

 Spells                   Type           Power        Failure   Level  Hunger
 Conjure Flame            Conj/Fire      ####....     4%          3    None
 Mephitic Cloud           Conj/Pois/Air  ###.....     7%          3    None
 Call Imp                 Summ           ##......     10%         2    None


Dungeon Overview and Level Annotations

Branches:
Dungeon (7/15)             Temple (1/1) D:4

Altars:
Ashenzari
Cheibriados
Dithmenos
Elyvilon
Fedhas
Gozag
Hepliaklqana
Kikubaaqudgha
Makhleb
Nemelex Xobeh
Okawaru
Ru
Trog
Uskayaw
Vehumet
Wu Jian
Xom
Yredelemnul
Zin
The Shining One

Annotations:
D:4 1 runed translucent door, Curus's ghost, novice HOFi; Menkaure
D:7 3 runed translucent doors


Message History

The orc warrior barely misses you.
The orc wizard hits you but does no damage.
The searing ray hits the orc warrior.
The orc warrior is moderately wounded.
The orc warrior closely misses you.
The orc wizard hits you but does no damage.
The searing ray hits the orc warrior.
The orc warrior is heavily wounded.
The orc warrior hits you from afar with a +0 trident!!
* * * LOW HITPOINT WARNING * * *
The orc wizard casts a spell at you. The magic dart hits you.
* * * LOW HITPOINT WARNING * * *
The searing ray hits the orc warrior.
The orc warrior is severely wounded.
You finish channeling your searing ray.
The orc warrior hits you from afar with a +0 trident!
* * * LOW HITPOINT WARNING * * *
The orc wizard hits you with a +0 dagger.
You die...

...#......#.......#............
...#......'.......#.[..........
...+......#.......#............
####......#....(..#............
..........#.......#............
..........#.......#............
..........#.......##########..
..........#................#
..........#.....@..........#
####......#.....o.o..รท.....#
#......#........).......#
#......#####'####..######
#......#......###..##...#
#......#................#
#......#................#
#......#................#
#.....o..........#


You could see an orc warrior and an orc wizard.

Vanquished Creatures
  Pikel (D:5)
  A hippogriff (D:5)
  2 humans (D:7)
  An orc warrior (D:5)
  A black bear (D:6)
  An ice beast (D:6)
  A slave (D:5)
  2 phantoms (D:3)
  2 ogres
  2 centaurs
  Blork the orc (D:5)
  A bullfrog (D:7)
  A scorpion (D:5)
  5 wights (D:6)
  A centaur zombie (D:6)
  A crimson imp (D:5)
  A jelly (D:7)
  6 orc priests
  A hound (D:4)
  7 orc wizards
  Crazy Yiuf (D:3)
  Ijyb (D:3)
  Terence (D:2)
  3 worker ants
  2 hound skeletons
  A worker ant zombie (D:5)
  8 adders
  An ooze (D:1)
  An adder skeleton (D:5)
  3 adder zombies
  2 dart slugs (D:1)
  2 leopard geckos (D:3)
  23 orcs
  6 giant cockroaches
  2 goblins
  6 hobgoblins
  8 jackals
  6 kobolds
  3 quokkas
  2 ball pythons
  A ball python skeleton (D:4)
  5 bats
  A frilled lizard (D:5)
  A jackal zombie (D:6)
  4 rats
133 creatures vanquished.

Vanquished Creatures (others)
  3 slaves (D:5)
  A scorpion (D:5)
  An orc wizard (D:5)
  A worker ant (D:5)
6 creatures vanquished.

Grand Total: 139 creatures vanquished

Notes
Turn   | Place    | Note
-------+----------+-------------------------------------------
     0 | D:1      | Gildeon the Deep Elf Conjurer began the quest for the Orb.
     0 | D:1      | Reached XP level 1. HP: 10/10 MP: 6/6
   339 | D:1      | Reached XP level 2. HP: 11/16 MP: 4/8
   590 | D:1      | Learned a level 2 spell: Searing Ray
   680 | D:1      | Reached skill level 1 in Fighting
  1096 | D:2      | Reached XP level 3. HP: 20/20 MP: 5/10
  1101 | D:2      | Learned a level 3 spell: Dazzling Spray
  1352 | D:2      | Noticed Terence
  1434 | D:2      | Killed Terence
  1434 | D:2      | Reached skill level 4 in Spellcasting
  1434 | D:2      | Reached skill level 5 in Conjurations
  1674 | D:2      | Reached skill level 1 in Armour
  1713 | D:2      | Reached XP level 4. HP: 25/25 MP: 8/12
  1719 | D:2      | Learned a level 4 spell: Iskenderun's Mystic Blast
  2166 | D:3      | Found a shattered altar of Ashenzari.
  2176 | D:3      | Reached skill level 1 in Hexes
  2442 | D:3      | Reached XP level 5. HP: 26/29 MP: 12/14
  2455 | D:3      | Reached skill level 5 in Spellcasting
  2738 | D:3      | Learned a level 4 spell: Fulminant Prism
  2900 | D:3      | Noticed a phantom
  2903 | D:3      | Noticed a phantom
  2906 | D:3      | Found a glowing golden altar of the Shining One.
  2906 | D:3      | Found a transporter.
  2908 | D:3      | Noticed Ijyb
  2917 | D:3      | Found a transporter.
  3315 | D:3      | Killed Ijyb
  3315 | D:3      | Reached XP level 6. HP: 34/34 MP: 9/16
  3415 | D:3      | Found a radiant altar of Vehumet.
  3420 | D:3      | Became a worshipper of Vehumet
  3718 | D:3      | Found a runed translucent door.
  3720 | D:3      | Noticed Crazy Yiuf
  3727 | D:3      | Killed Crazy Yiuf
  4321 | D:4      | Reached skill level 6 in Spellcasting
  4513 | D:4      | Found a staircase to the Ecumenical Temple.
  4519 | Temple   | Entered the Ecumenical Temple
  4639 | D:4      | Found a hazy altar of Hepliaklqana.
  4639 | D:4      | Found an iron altar of Okawaru.
  4640 | D:4      | Found an ornate altar of the Wu Jian Council.
  4755 | D:4      | Found a runed translucent door.
  4756 | D:4      | Noticed Curus's ghost (novice HOFi)
  4804 | D:4      | Noticed Menkaure
  4819 | D:4      | Found a bloodstained altar of Trog.
  4856 | D:5      | Entered Level 5 of the Dungeon
  4967 | D:5      | Found a sparkling altar of Nemelex Xobeh.
  4967 | D:5      | Found a glowing silver altar of Zin.
  4994 | D:5      | Reached XP level 7. HP: 39/39 MP: 16/18
  5027 | D:5      | Noticed a hippogriff
  5104 | D:5      | Noticed Blork the orc
  5126 | D:5      | Killed Blork the orc
  5132 | D:5      | Learned a level 4 spell: Force Lance
  5365 | D:5      | Found a burning altar of Makhleb.
  5365 | D:5      | Noticed Pikel
  5408 | D:5      | Killed Pikel
  5408 | D:5      | Reached skill level 7 in Spellcasting
  5408 | D:5      | Reached XP level 8. HP: 33/44 MP: 3/21
  5691 | D:5      | Reached skill level 8 in Spellcasting
  5699 | D:5      | Reached * piety under Vehumet
  5699 | D:5      | Offered knowledge of Sandblast by Vehumet.
  5702 | D:5      | Learned a level 1 spell: Sandblast
  5841 | D:5      | Killed a hippogriff
  5841 | D:5      | Reached skill level 1 in Earth Magic
  5866 | D:5      | Reached skill level 1 in Staves
  6776 | D:6      | Found a shimmering altar of Xom.
  6777 | D:6      | Found a shimmering altar of Xom.
  6782 | D:6      | Found a shimmering altar of Xom.
  6782 | D:6      | Found a shimmering altar of Xom.
  6782 | D:6      | Found a shimmering altar of Xom.
  6783 | D:6      | Found a shimmering altar of Xom.
  6783 | D:6      | Found a shimmering altar of Xom.
  6783 | D:6      | Found a shimmering altar of Xom.
  6783 | D:6      | Found a shimmering altar of Xom.
  6835 | D:6      | Learned a level 2 spell: Blink
  7015 | D:6      | Reached skill level 1 in Evocations
  7396 | D:6      | Found a shimmering altar of Xom.
  7568 | D:6      | Reached XP level 9. HP: 46/48 MP: 10/23
  7592 | D:6      | Reached skill level 5 in Stealth
  8091 | D:7      | Learned a level 2 spell: Slow
  8091 | D:7      | Found a runed translucent gate.
  8092 | D:7      | Found a runed translucent gate.
  8093 | D:7      | Found a runed translucent gate.
  8094 | D:7      | Found an iron altar of Okawaru.
  8110 | D:7      | Reached skill level 5 in Hexes
  8288 | D:7      | Reached ** piety under Vehumet
  8288 | D:7      | Offered knowledge of Sting by Vehumet.
  8291 | D:7      | Learned a level 1 spell: Sting
  8343 | D:7      | HP: 1/48 [orc warrior/+0 trident (9)]
  8343 | D:7      | Slain by an orc wizard

Skill      XL: |  1  2  3  4  5  6  7  8  9 |
---------------+----------------------------+-----
Fighting       | 1 2 |  2.1
Spellcasting   | 4 5 6 7 8 |  8.3
Conjurations   | 5 6 7 |  7.5
Armour         | 1 2 |  2.4
Hexes          | 2 3 4 5 |  5.5
Stealth        | 3 4 5 |  5.0
Dodging        | 3 4 |  4.0
Translocations | 2 3 |  3.0
Earth Magic    | 3 4 |  4.0
Staves         | 3 |  3.0
Evocations     | 2 3 |  3.2

Action                   |  1- 3 |  4- 6 |  7- 9 || total
-------------------------+-------+-------+-------++-------
Melee: Dagger            |     3 |    63 |    17 ||    83
       Whip              |     2 |       |       ||     2
 Cast: Magic Dart        |    43 |   109 |    94 ||   246
       Searing Ray       |     3 |    13 |    21 ||    37
       Sandblast         |       |       |    42 ||    42
       Iskenderun's Myst |       |       |     1 ||     1
       Force Lance       |       |       |     1 ||     1
  Use: Scroll            |       |     2 |     5 ||     7
       Potion            |       |     1 |       ||     1
 Stab: Sleeping          |     3 |     2 |     5 ||    10
  Eat: Chunk             |     2 |     9 |     1 ||    12
       Ration            |       |     1 |     2 ||     3
Armor: Robe              |     2 |    27 |    24 ||    53
Dodge: Dodged            |     8 |   103 |    77 ||   188
